 Dungeon Crawl Stone Soup version 0.24.0-13-gcf9b3192b9 (webtiles) character file.

Game seed: 13563844747031277399, levelgen mode: deterministic

946 Curus the Cleaver (level 7, 0/85 HPs)
             Began as a Minotaur Berserker on Nov 6, 2019.
             Was a Priest of Trog.
             Succumbed to a water moccasin's poison
             ... on level 5 of the Dungeon.
             The game lasted 00:15:19 (3199 turns).

Curus the Cleaver (Minotaur Berserker)              Turns: 3199, Time: 00:15:20

Health: 0/85       AC: 12    Str: 27    XL:     7   Next: 89%
Magic:  6/6        EV:  8    Int:  6    God:    Trog [***...]
Gold:   265        SH:  0    Dex:  9    Spells: 6/6 levels left

rFire    . . .     SeeInvis .   p - +2 battleaxe (elec)
rCold    . . .     Gourm    .   (shield currently unavailable)
rNeg     . . .     Faith    .   q - +1 plate armour
rPois    .         Spirit   .   (helmet restricted)
rElec    .         Reflect  .   (no cloak)
rCorr    .         Harm     .   (no gloves)
MR       ++...                  (no boots)
Stlth    ..........             f - amulet of regeneration
HPRegen  1.64/turn              t - ring of flight
MPRegen  0.10/turn              (no ring)

@: berserking (expiring), lethally poisoned (0 -> -9), regenerating, studying
Maces & Flails, very quick
A: retaliatory headbutt, claws 1, horns 2, sense surroundings 1
a: Berserk, Trog's Hand, Renounce Religion, Evoke Flight


You were on level 5 of the Dungeon.
You worshipped Trog.
Trog was most pleased with you.
You were near starving.

You visited 1 branch of the dungeon, and saw 5 of its levels.

You collected 265 gold pieces.

Inventory:

Hand Weapons
 a - a +1 hand axe
 h - a cursed -2 flail
 p - a +2 battleaxe of electrocution (weapon)
Armour
 b - a +0 animal skin
 i - a +0 leather armour
 q - a +1 plate armour (worn)
Jewellery
 f - an amulet of regeneration (around neck)
 l - an uncursed amulet of magic regeneration
 t - a ring of flight (left claw)
Wands
 o - a wand of clouds (6)
Scrolls
 d - 2 scrolls of teleportation
 e - 3 scrolls of identify
 g - 5 scrolls of remove curse
 j - 2 scrolls of enchant weapon
 n - a scroll of magic mapping
 s - a scroll of blinking
 v - a scroll of fog {unknown}
Potions
 k - 2 potions of resistance
 m - 2 potions of curing
Books
 r - a manual of Maces & Flails
Comestibles
 c - 11 rations
 u - 3 chunks of flesh


   Skills:
 - Level 3.6 Fighting
 + Level 11.2 Axes
 - Level 2.4 Armour
 - Level 2.1 Dodging


You had 6 spell levels left.
You didn't know any spells.
Your spell library was empty.

Dungeon Overview and Level Annotations

Branches:
Dungeon (5/15)
 Temple: D:4-7

Altars:
Cheibriados
Fedhas
Kikubaaqudgha
Nemelex Xobeh
Uskayaw
Vehumet

Shops:
D:5 *


Innate Abilities, Weirdness & Mutations

You reflexively headbutt those who attack you in melee.
You have a pair of horns on your head.
You have sharp fingernails.
You passively map a small area around you.


Message History

The water moccasin is severely wounded.
* * * LOW HITPOINT WARNING * * *
You feel very sick. The water moccasin bites you.
* * * LOW HITPOINT WARNING * * *
You are more poisoned.
The water moccasin poisons you!
You slice the water moccasin!!
You kill the water moccasin!
Trog accepts your kill.
Your Axes skill increases to level 11!
* * * LOW HITPOINT WARNING * * *
You feel very sick.
You are too berserk!
* * * LOW HITPOINT WARNING * * *
You feel very sick.
You feel a strong urge to attack something.
* * * LOW HITPOINT WARNING * * *
You feel sick.
You die...

....#..#.###. , *.... , ,
###(#..#.#.................
##(#......................
*
#.........................
*#...(†...##..<.....#......
*
##....).............#......
........>.........##.......
...........................
................@..........
,
#..........∩............#..
#.......................#
#.......................#,
, #.########..............#
#.# ,.................#,,
#.# ##...............# *
,#.......#........# *
,#......##........# *


There were no monsters in sight!

Vanquished Creatures
  The ghost of Thomus the Chopper, an amateur MiBe of Trog (D:4)
  A water moccasin (D:5)
  An ice beast (D:5)
  A centaur (D:5)
  A bullfrog (D:5)
  A scorpion (D:5)
  A bullfrog zombie (D:5)
  A jelly (D:5)
  2 hounds
  A centaur skeleton (D:4)
  An iguana (D:2)
  5 adders
  3 oozes
  An adder zombie (D:5)
  2 worms
  2 leopard geckos
  7 orcs
  3 giant cockroaches
  6 goblins
  10 hobgoblins
  9 jackals
  8 kobolds
  A quokka (D:2)
  2 ball pythons
  7 bats
  6 frilled lizards
  12 rats
96 creatures vanquished.

Notes
Turn   | Place    | Note
-------+----------+-------------------------------------------
     0 | D:1      | Curus the Minotaur Berserker began the quest for the Orb.
     0 | D:1      | Reached XP level 1. HP: 19/19 MP: 0/0
    70 | D:1      | Reached skill level 4 in Axes
   514 | D:1      | Reached XP level 2. HP: 26/26 MP: 1/1
  1002 | D:2      | Reached skill level 5 in Axes
  1002 | D:2      | Reached XP level 3. HP: 16/31 MP: 2/2
  1192 | D:2      | Found a radiant altar of Vehumet.
  1230 | D:2      | Reached skill level 6 in Axes
  1230 | D:2      | Reached XP level 4. HP: 28/39 MP: 3/3
  1289 | D:2      | Found an ancient bone altar of Kikubaaqudgha.
  1304 | D:2      | Reached ** piety under Trog
  1741 | D:3      | Found a snail-covered altar of Cheibriados.
  2041 | D:3      | Found a blossoming altar of Fedhas.
  2200 | D:3      | Reached XP level 5. HP: 42/45 MP: 4/4
  2216 | D:3      | Reached skill level 7 in Axes
  2266 | D:3      | Found a sparkling altar of Nemelex Xobeh.
  2628 | D:4      | Reached *** piety under Trog
  2643 | D:4      | Gained mutation: You have sharp fingernails. [potion of
                  | mutation]
  2643 | D:4      | Gained mutation: You passively map a small area around you.
                  | [potion of mutation]
  2813 | D:4      | Found a large runed translucent door.
  2813 | D:4      | Found a large runed translucent door.
  2815 | D:4      | Noticed Thomus's ghost (amateur MiBe)
  2985 | D:4      | Killed Thomus's ghost
  2985 | D:4      | Reached skill level 9 in Axes
  2985 | D:4      | Reached XP level 6. HP: 44/51 MP: 5/5
  3006 | D:5      | Entered Level 5 of the Dungeon
  3006 | D:5      | Noticed an ice beast
  3008 | D:5      | Found a hide-covered altar of Uskayaw.
  3011 | D:5      | Killed an ice beast
  3011 | D:5      | Reached XP level 7. HP: 57/57 MP: 6/6
  3040 | D:5      | Reached skill level 10 in Axes
  3140 | D:5      | Found Lemicw's Assorted Antiques.
  3196 | D:5      | Reached skill level 11 in Axes
  3196 | D:5      | HP: 4/85 [poisoned by a water moccasin]
  3198 | D:5      | HP: 1/85 [poisoned by a water moccasin]
  3199 | D:5      | Succumbed to a water moccasin's poison

Levels and vault maps discovered:
D:1:      dpeg_arrival_chase, layout_loops_corners
D:2:      layout_basic, fiery_altar_vehumet, kiku_gazebo_garden_becter,
          first_ration, minmay_misc_feat_cross
D:3:      corexii_shack_village, layout_loops_ring, lemuel_round_altar,
          nemelex_xobeh_ov_fountains_minmay, cheibriados_altar_1
D:4:      layout_cave_pools, ebering_ghost_disaster_area,
          minmay_manual_mandibuliform
D:5:      layout_basic, nicolae_overflow_crystal_walls, kennysheep_mini_moat,
          serial_shops, shop, ebering_ghost_rock_garden, uniq_blork_the_orc

Skill      XL: |  1  2  3  4  5  6  7 |
---------------+----------------------+-----
Axes           | 4 5 6 9 11 | 11.2
Fighting       | |  3.6
Armour         | |  2.4
Dodging        | |  2.1

Action                   |  1- 3 |  4- 6 |  7- 9 || total
-------------------------+-------+-------+-------++-------
Melee: Hand axe          |    71 |    93 |       ||   164
       Headbutt          |     9 |    17 |     1 ||    27
       Battleaxe         |       |    26 |    37 ||    63
Invok: Berserk           |       |       |     1 ||     1
       Trog's Hand       |       |       |     1 ||     1
  Use: Scroll            |     3 |     7 |     2 ||    12
       Potion            |     3 |     3 |     1 ||     7
 Stab: Sleeping          |     1 |       |       ||     1
  Eat: Chunk             |     1 |     5 |     1 ||     7
Armor: Animal skin       |    10 |     2 |       ||    12
       Leather armour    |       |    12 |       ||    12
       Plate armour      |       |    14 |    31 ||    45
Dodge: Dodged            |    45 |    57 |    19 ||   121
